 Dungeon Crawl Stone Soup version 0.26-a0-228-g29f007ebfe (webtiles) character file.

Game seed: 9727003563361679584

840 Flugkiller the Geomancer (level 7, 0/50 HPs)
             Began as a Yellow Draconian Earth Elementalist on July 7, 2020.
             Was an Initiate of Cheibriados.
             Slain by a worker ant (2 damage)
             ... on level 6 of the Dungeon.
             The game lasted 00:11:07 (1211 turns).

Flugkiller the Geomancer (DrEE)                     Turns: 1211, Time: 00:11:08

Health: 0/50       AC: 11    Str: 11    XL:     7   Next: 67%
Magic:  3/11       EV: 12    Int: 18    God:    Cheibriados [......]
Gold:   172        SH:  0    Dex: 13    Spells: 1/12 levels left

rFire    . . .     SeeInvis .   l - +2 flail (protect)
rCold    . . .     Faith    .   (no shield)
rNeg     . . .     Spirit   .   (armour unavailable)
rPois    .         Reflect  .   (helmet restricted)
rElec    .         Harm     .   (no cloak)
rCorr    +                      (no gloves)
MR       .....                  g - +0 pair of boots
Stlth    ++........             (no amulet)
HPRegen  0.16/turn              o - +4 ring of protection
MPRegen  0.12/turn              (no ring)

@: about to teleport, very slow
A: spit acid, unfitting armour, cold-blooded, acid resistance, AC +6
a: Breathe Acid, Bend Time, Renounce Religion


You were on level 6 of the Dungeon.
You worshipped Cheibriados.
Cheibriados was noncommittal.
You were very hungry.

You visited 2 branches of the dungeon, and saw 7 of its levels.

You collected 172 gold pieces.

Inventory:

Hand Weapons
 l - a +2 flail of protection (weapon)
   (You took it off an orc warrior on level 6 of the Dungeon)
 p - a +0 dagger of venom
   (You took it off an orc wizard on level 4 of the Dungeon)
Missiles
 b - 61 stones (quivered)
 d - 26 arrows
Armour
 g - a +0 pair of boots (worn)
   (You found it on level 3 of the Dungeon)
Jewellery
 o - a +4 ring of protection (left hand)
   (You found it on level 4 of the Dungeon)
Scrolls
 e - a scroll of amnesia {unknown}
 f - a scroll of magic mapping {unknown}
 i - 2 scrolls of noise
 j - a scroll of remove curse
 m - a scroll of fear {unknown}
 r - a scroll of random uselessness {unknown}
Potions
 h - a potion of haste
 n - a potion of resistance
Comestibles
 c - 10 rations


   Skills:
 - Level 1.7 Dodging
 - Level 1.7 Stealth
 - Level 3.0 Spellcasting
 - Level 1.0 Transmutations
 * Level 8.9 Earth Magic


You had one spell level left.
You knew the following spells:

 Your Spells              Type           Power        Failure   Level
a - Sandblast             Erth           ####..       1%          1
b - Stone Arrow           Conj/Erth      ###...       8%          3
c - Lee's Rapid Deconstr  Erth           ####......   12%         5
w - Passwall              Tmut/Erth      ###.....     3%          2

Your spell library contained the following spells:

 Spells                   Type           Power        Failure   Level
 Petrify                  Tmut/Erth      ###.....     22%         4


Dungeon Overview and Level Annotations

Branches:
Dungeon (6/15)             Temple (1/1) D:5

Altars:
Ashenzari
Cheibriados
Hepliaklqana
Makhleb
Nemelex Xobeh
Okawaru
Ru
Sif Muna
Trog
Uskayaw
Xom
The Shining One

Shops:
D:5 !

Annotations:
D:3 Grinder


Innate Abilities, Weirdness & Mutations

You can spit globs of acid.
Your golden yellow scales are hard. (AC +6)
You cannot fit into any form of body armour.
You are cold-blooded and may be slowed by cold attacks.
You are resistant to acid. (rCorr)


Message History

You hear a shout!
You hear a bellow! x3
Unknown command.
Press: ? - help, Shift-Dir - straight line, f - worker ant
Aim: a worker ant
Okay, then.
You feel better. The worker ant barely misses you.
Unknown command.
A centaur comes into view.
The centaur shouts!
The worker ant barely misses you. The worker ant bites you.
* * * LOW HITPOINT WARNING * * *
The centaur wields a +0 shortbow.
The centaur shoots an arrow.
The arrow hits you!
* * * LOW HITPOINT WARNING * * *
The iguana closely misses you.
Found a ration.
You see here an arrow.
The centaur shoots an arrow.
The arrow hits you but does no damage.
The worker ant bites you but does no damage.
Unknown command.
Unknown command.
Casting: Lee's Rapid Deconstruction (quite dangerous; 13% risk of failure)
Confirm with . or Enter, or press ? or * to list all spells.
Aiming: Sandblast (safe; 1% risk of failure)
Press: ? - help, Shift-Dir - straight line, f - centaur
Aim: a centaur, wielding a +0 shortbow and quivering 8 arrows The blast of sand hits the centaur!!
The centaur is almost dead.
b - 62 stones The centaur shoots an arrow.
The arrow hits you.
* * * LOW HITPOINT WARNING * * *
The centaur shoots an arrow.
The arrow hits you.
* * * LOW HITPOINT WARNING * * *
The worker ant closely misses you.
Casting: Sandblast (safe; 1% risk of failure)
Confirm with . or Enter, or press ? or * to list all spells.
Aiming: Sandblast (safe; 1% risk of failure)
Press: ? - help, Shift-Dir - straight line, f/p - centaur
Aim: a centaur, wielding a +0 shortbow and quivering 6 arrows (almost dead)
The blast of sand hits the centaur!
You kill the centaur!
Cheibriados thoroughly appreciates the change of pace.
b - 61 stones The worker ant bites you but does no damage.
A worker ant comes into view.
Unknown command.
Okay, then.
As you read the scroll of teleportation, it crumbles to dust.
You feel strangely unstable. The worker ant bites you.
You die...

... .# .. .## ..
#..### . .
.....#. ...# ..
.#...#... ...#
.... #.....# #..#
..... #...#.#%#
##..#
.....##+@..).'#
.+..#
#.#.#.ha##+##.a.
##..#####.#...#l#
##...........##O#
.....# ##....#.#
.....# #..#...#
.....#
#...##'..l..+
.....#
#.#.#$#.###.#
.....#####...##
..


You could see an ogre, an iguana, a hound and 2 worker ants.

Vanquished Creatures
  An orc warrior (D:6)
  2 ogres (D:4)
  A centaur (D:6)
  2 bullfrogs (D:6)
  A howler monkey (D:6)
  2 bullfrog skeletons (D:6)
  2 hounds (D:5)
  2 orc wizards (D:4)
  2 centaur skeletons
  A howler monkey skeleton (D:6)
  5 adders
  A white imp (D:5)
  5 orcs
  A giant cockroach (D:4)
  4 hobgoblins (D:3)
  9 jackals
  A kobold (D:3)
  2 ball pythons
  2 bats (D:3)
  A jackal skeleton (D:6)
  3 rats (D:3)
50 creatures vanquished.

Notes
Turn   | Place    | Note
-------+----------+-------------------------------------------
     0 | D:1      | Flugkiller the Draconian Earth Elementalist began the quest
                  | for the Orb.
     0 | D:1      | Reached XP level 1. HP: 14/14 MP: 3/3
   134 | D:3      | Reached XP level 2. HP: 14/20 MP: 1/5
   208 | D:3      | Learned a level 2 spell: Passwall
   223 | D:3      | Noticed Grinder
   321 | D:4      | Noticed an ogre
   359 | D:4      | Killed an ogre
   359 | D:4      | Reached skill level 4 in Earth Magic
   359 | D:4      | Reached XP level 3. HP: 15/26 MP: 0/7
   359 | D:4      | Reached XP level 4. HP: 19/33 MP: 0/8
   410 | D:4      | Noticed an ogre
   429 | D:4      | Killed an ogre
   429 | D:4      | Reached skill level 5 in Earth Magic
   429 | D:4      | Reached XP level 5. HP: 9/38 MP: 3/9
   583 | D:4      | Reached skill level 6 in Earth Magic
   631 | D:4      | Reached XP level 6. HP: 30/45 MP: 6/10
   672 | D:5      | Entered Level 5 of the Dungeon
   755 | D:5      | Found Lalomon's Distillery.
   789 | D:5      | Reached skill level 7 in Earth Magic
   820 | D:5      | Learned a level 3 spell: Stone Arrow
   826 | D:5      | Learned a level 5 spell: Lee's Rapid Deconstruction
   831 | D:5      | Found a staircase to the Ecumenical Temple.
   838 | Temple   | Entered the Ecumenical Temple
   866 | Temple   | Became a worshipper of Cheibriados the Contemplative
  1039 | D:6      | Noticed an orc warrior
  1059 | D:6      | Killed an orc warrior
  1063 | D:6      | Your scales start taking on a golden yellow colour.
  1063 | D:6      | Reached XP level 7. HP: 14/50 MP: 6/11
  1063 | D:6      | Gained mutation: You are resistant to acid. (rCorr) [Yellow
                  | Draconian growth]
  1074 | D:6      | Reached skill level 8 in Earth Magic
  1209 | D:6      | HP: 2/50 [centaur/arrow (3)]
  1211 | D:6      | Slain by a worker ant

Illustrated notes

Levels and vault maps discovered:
D:1:      minmay_arrival_four_houses, layout_basic
D:2:      layout_rooms, kennysheep_jessica_study
D:3:      layout_basic, first_ration, uniq_grinder, uniq_terence
D:4:      layout_loops_ring
D:5:      layout_rooms, vehumet_statue, temple_green, serial_shops,
          nicolae_shop_competitors_out_of_business
D:6:      layout_basic, dk_noncrumbling_2, minmay_fractal_squares_diagonal_5
Temple:   regret_index_temple_chain_breaker

Skill      XL: |  1  2  3  4  5  6  7 |
---------------+----------------------+-----
Spellcasting   | 3 |  3.0
Earth Magic    | 4 5 6 7 8 |  8.9
Dodging        | |  1.7
Stealth        | |  1.7
Transmutations | |  1.0

Action                   |  1- 3 |  4- 6 |  7- 9 || total
-------------------------+-------+-------+-------++-------
Melee: Unarmed           |    21 |       |       ||    21
       Quarterstaff      |    20 |    37 |       ||    57
       Tailslap          |     1 |     8 |     5 ||    14
       Dagger            |       |    30 |     6 ||    36
       Flail             |       |    26 |    21 ||    47
 Cast: Sandblast         |    16 |    22 |     9 ||    47
       Passwall          |     1 |     4 |     6 ||    11
       Lee's Rapid Decon |       |       |     1 ||     1
 Abil: Breathe Acid      |       |       |     1 ||     1
  Use: Scroll            |       |     6 |     1 ||     7
       Potion            |       |     1 |     1 ||     2
 Stab: Distracted        |       |       |     1 ||     1
Armor: Skin              |    16 |    52 |    23 ||    91
Dodge: Dodged            |    43 |    83 |    27 ||   153

Table legend:
 A = Non-vault XP
 B = Vault XP
 C = Vault XP percentage of total XP
 D = Non-vault monster count
 E = Vault monster count
 F = Vault count percentage of total count
                 A         B        C        D         E       F
            +---------+---------+-------+---------+---------+-------
      Total |    1046 |     155 |  12.9 |      47 |       3 |   6.0
            +---------+---------+-------+---------+---------+-------
        D:3 |      30 |       0 |   0.0 |      12 |       0 |   0.0
        D:4 |     385 |       0 |   0.0 |      15 |       0 |   0.0
        D:5 |     144 |       0 |   0.0 |       9 |       0 |   0.0
        D:6 |     487 |     155 |  24.1 |      11 |       3 |  21.4
            +---------+---------+-------+---------+---------+-------
